 Dungeon Crawl Stone Soup version 0.22.1-1-ga44c0e5 (webtiles) character file.

1773 bloo the Destroyer (level 8, -5/43 HPs)
             Began as a Deep Elf Conjurer on Oct 7, 2018.
             Slain by a killer bee (7 damage)
             ... on level 7 of the Dungeon.
             The game lasted 00:37:59 (9625 turns).

bloo the Destroyer (Deep Elf Conjurer)              Turns: 9625, Time: 00:38:01

Health: -5/43      AC:  3    Str:  8    XL:     8   Next: 80%
Magic:  3/19       EV: 13    Int: 23    God:
Gold:   389        SH:  0    Dex: 15    Spells: 9/19 levels left

rFire    . . .     SeeInvis .   n - +0 hunting sling
rCold    . . .     Gourm    .   (no shield)
rNeg     . . .     Faith    .   a - +0 robe
rPois    .         Spirit   .   (no helmet)
rElec    .         Reflect  .   v - scarf {repulsion}
rCorr    .         Harm     .   j - +0 pair of gloves
MR       .....                  (no boots)
Stlth    ++........             (no amulet)
HPRegen  0.14/turn              r - ring of flight
MPRegen  0.16/turn              t - +3 ring of strength

@: lethally poisoned (-5 -> -25), repel missiles
A: no striking features
a: Evoke Flight


You were on level 7 of the Dungeon.
You were not hungry.

You visited 1 branch of the dungeon, and saw 7 of its levels.

You collected 389 gold pieces.

Inventory:

Hand Weapons
 h - a +0 short sword
 n - a +0 hunting sling (weapon)
Missiles
 i - 14 sling bullets (quivered)
 q - 132 stones
Armour
 a - a +0 robe (worn)
 j - a +0 pair of gloves (worn)
 v - a scarf of repulsion (worn)
Jewellery
 r - a ring of flight (left hand)
 t - a +3 ring of strength (right hand)
Wands
 b - a wand of acid (11)
 y - a wand of disintegration (16)
Scrolls
 g - a scroll of immolation {unknown}
 k - 5 scrolls of identify
 l - 3 scrolls of teleportation
 m - 2 scrolls of remove curse {unknown}
 o - a scroll of noise {unknown}
 p - a scroll of enchant armour {unknown}
 s - 2 scrolls of blinking {unknown}
 w - a scroll of fog {unknown}
Potions
 d - 2 potions of lignification
 e - a potion of might {unknown}
 f - 9 potions of curing
 u - a potion of agility
 x - a potion of heal wounds
Comestibles
 c - 8 rations
 z - 2 chunks of flesh


   Skills:
 - Level 1.0 Fighting
 + Level 2.6 Dodging
 - Level 2.4 Stealth
 * Level 6.2 Spellcasting
 + Level 11.9 Conjurations


You had 9 spell levels left.
You knew the following spells:

 Your Spells              Type           Power        Failure   Level  Hunger
a - Magic Dart            Conj           ####         1%          1    None
b - Searing Ray           Conj           ######       1%          2    None
c - Iskenderun's Mystic   Conj           ######..     1%          4    ###....
d - Dazzling Spray        Conj/Hex       ####..       2%          3    #......

Your spell library contained the following spells:

 Spells                   Type           Power        Failure   Level  Hunger
 Force Lance              Conj/Tloc      ####....     7%          4    ###....
 Fulminant Prism          Conj/Hex       ####......   7%          4    ###....
 Animate Skeleton         Necr           N/A          9%          1    None
 Apportation              Tloc           #.....       9%          1    None
 Confusing Touch          Hex            #.....       9%          1    None
 Summon Small Mammal      Summ           #...         9%          1    None
 Confuse                  Hex            #.......     26%         3    #......
 Gell's Gravitas          Tloc           #.........   26%         3    #......
 Petrify                  Tmut/Erth      #.......     63%         4    ###....
 Metabolic Englaciation   Hex/Ice        #.........   93%         5    #####..
 Yara's Violent Unravell  Hex/Tmut       #.........   93%         5    #####..


Dungeon Overview and Level Annotations

Branches:
Dungeon (7/15)
 Temple: D:4-7

Altars:


Message History

The killer bee closely misses you. The killer bee stings you.
* * * LOW HITPOINT WARNING * * *
You are more poisoned.
The killer bee poisons you! The killer bee closely misses you.
* * * LOW HITPOINT WARNING * * *
You feel sick. The killer bee misses you. x2
The killer bee closely misses you.
The killer bee stings you but does no damage.
Casting: Searing Ray (safe; 1% risk of failure)
Confirm with . or Enter, or press ? or * to list all spells.
Aiming: Magic Dart (safe; 1% risk of failure)
Press: ? - help, Shift-Dir - straight line, f/p - killer bee
Aim: a killer bee (severely wounded)
The magic dart hits the killer bee.
The killer bee is almost dead.
* * * LOW HITPOINT WARNING * * *
You feel sick.
The killer bee stings you but does no damage.
The killer bee stings you!
You die...

##########
#........#
#.######@####.##.#
#.# #...yy....†...
#.# #.##.####.#..#
#.# #.##.#
#.###.##.#
#........#
#####.####
#......# #.###..#


You could see 2 killer bees.

Vanquished Creatures
  A sky beast (D:5)
  An ice beast (D:6)
  A phantom (D:6)
  3 ogres
  A big kobold (D:6)
  4 bullfrogs
  A water moccasin skeleton (D:4)
  A killer bee (D:7)
  A scorpion (D:4)
  2 crimson imps
  A bullfrog zombie (D:5)
  3 orc wizards
  3 hounds (D:5)
  A jelly (D:5)
  2 orc priests (D:3)
  A centaur skeleton (D:6)
  6 worker ants
  A howler monkey zombie (D:5)
  9 adders
  4 gnolls (D:6)
  A shadow imp (D:5)
  An ooze (D:2)
  2 worms
  6 dart slugs
  2 leopard geckos
  14 orcs
  5 bats
  3 giant cockroaches
  6 goblins
  6 hobgoblins
  14 jackals
  5 quokkas
  4 frilled lizards
  8 kobolds
  A leopard gecko skeleton (D:6)
  A quokka zombie (D:4)
  6 rats
132 creatures vanquished.

Vanquished Creatures (others)
  A plant (D:6)
1 creature vanquished.

Grand Total: 133 creatures vanquished

Notes
Turn   | Place    | Note
-------+----------+-------------------------------------------
     0 | D:1      | bloo the Deep Elf Conjurer began the quest for the Orb.
     0 | D:1      | Reached XP level 1. HP: 10/10 MP: 6/6
   250 | D:1      | Reached XP level 2. HP: 15/15 MP: 0/8
   391 | D:1      | Reached skill level 5 in Conjurations
   524 | D:1      | Learned a level 2 spell: Searing Ray
  1320 | D:2      | Reached XP level 3. HP: 19/19 MP: 4/9
  1661 | D:2      | Reached skill level 6 in Conjurations
  1714 | D:2      | Reached XP level 4. HP: 24/24 MP: 2/10
  2529 | D:3      | Reached skill level 7 in Conjurations
  2529 | D:3      | Reached XP level 5. HP: 22/28 MP: 7/11
  3755 | D:4      | Reached skill level 8 in Conjurations
  3755 | D:4      | Reached XP level 6. HP: 18/32 MP: 5/12
  4847 | D:5      | Entered Level 5 of the Dungeon
  4857 | D:5      | Learned a level 4 spell: Iskenderun's Mystic Blast
  4861 | D:5      | Learned a level 3 spell: Dazzling Spray
  5489 | D:5      | Reached skill level 9 in Conjurations
  5574 | D:5      | Reached XP level 7. HP: 14/37 MP: 2/13
  6191 | D:5      | Reached skill level 10 in Conjurations
  7353 | D:6      | Reached skill level 11 in Conjurations
  7353 | D:6      | Reached XP level 8. HP: 42/42 MP: 3/14
  7479 | D:6      | Reached skill level 1 in Fighting
  8443 | D:6      | Reached skill level 5 in Spellcasting
  9625 | D:7      | HP: 2/43 [poisoned by a killer bee]
  9625 | D:7      | Slain by a killer bee

Skill      XL: |  1  2  3  4  5  6  7  8 |
---------------+-------------------------+-----
Conjurations   | 5 6 7 8 9 11 | 11.9
Fighting       | 1 |  1.0
Spellcasting   | 6 |  6.2
Dodging        | |  2.6
Stealth        | |  2.4

Action                   |  1- 3 |  4- 6 |  7- 9 || total
-------------------------+-------+-------+-------++-------
 Cast: Magic Dart        |    54 |   105 |   120 ||   279
       Searing Ray       |     3 |    25 |    26 ||    54
       Iskenderun's Myst |       |       |     1 ||     1
  Use: Scroll            |       |     3 |     4 ||     7
  Eat: Chunk             |     2 |     9 |    10 ||    21
       Ration            |       |     1 |     1 ||     2
Armor: Robe              |       |     6 |     5 ||    11
Dodge: Dodged            |     1 |    15 |    34 ||    50
       Deflected         |       |       |     4 ||     4
